 Dungeon Crawl Stone Soup version 0.30-a0-469-g84de5afbc5 (webtiles) character file.

Game seed: 5051062429850385511

146 Armakuni the Covered (level 5, -5/41 HPs)
             Began as a Human Fighter on Dec 19, 2022.
             Was a Follower of Elyvilon.
             Splashed by a jelly's acid (8 damage)
             ... on level 3 of the Dungeon.
             The game lasted 00:04:25 (2032 turns).

Armakuni the Covered (Human Fighter)                Turns: 2032, Time: 00:04:26

Health: -5/41      AC:  4    Str: 19    XL:     5   Next: 53%
Magic:  5/5        EV: 10    Int:  8    God:    Elyvilon [*.....]
Gold:   74         SH:  6    Dex: 12    Spells: 4/4 levels left

rFire   . . .      SeeInvis .    a - +0 flail
rCold   . . .      Faith    .    c - +1 buckler
rNeg    . . .      Spirit   .    f - +0 scale mail
rPois   .          Reflect  .    (no helmet)
rElec   .          Harm     .    (no cloak)
rCorr   .          Rampage  .    (no gloves)
Will    .....                    i - +0 pair of boots
Stlth   ..........               (no amulet)
HPRegen 0.26/turn                (no ring)
MPRegen 0.09/turn                (no ring)

@: corroded
A: no striking features
a: Renounce Religion, Purification


You were on level 3 of the Dungeon.
You worshipped Elyvilon.
Elyvilon was aware of your devotion.
You visited 1 branch of the dungeon, and saw 3 of its levels.

You collected 134 gold pieces.
You spent 60 gold pieces at shops.

Inventory:

Hand Weapons
 a - a +0 flail (weapon)
 b - a +0 sling
Missiles
 k - 6 poisoned darts (quivered)
Armour
 c - a +1 buckler (worn)
 f - a +0 scale mail (worn)
 i - a +0 pair of boots (worn)
Scrolls
 o - 2 scrolls of teleportation
Potions
 d - 2 potions of might
 e - a potion of flight
 g - a potion of magic
 h - a potion of mutation {unknown}
 j - a potion of degeneration {unknown}
 l - a potion of curing
 m - a potion of lignification
 n - 2 potions of brilliance {unknown}


   Skills:
 + Level 3.0 Fighting
 - Level 2.0 Maces & Flails
 - Level 4.0 Armour
 - Level 3.0 Dodging
 - Level 4.0 Shields


You had 4 spell levels left.
You didn't know any spells.
Your spell library contained the following spells:

 Spells                   Type           Power      Damage    Failure   Level
 Dazzling Flash           Conj/Hex       0%         N/A       99%         3
 Agony                    Necr           0%         N/A       100%        5
 Silence                  Hex/Air        0%         N/A       100%        5


Dungeon Overview and Level Annotations

Branches:
Dungeon (3/15)

Altars:
Elyvilon

Shops:
D:2 !


Message History

The adder bites you but does no damage.
You hit the adder.
The adder is moderately wounded.
You feel sick.
You are no longer poisoned.
The adder barely misses you. x2
You thump the adder!
The adder is almost dead.
The adder bites you but does no damage.
You thump the adder!
You kill the adder!
Training target 3.0 for Dodging reached!
Your Dodging skill increases to level 3!
You need to enable at least one skill for training.
o - 2 scrolls of teleportation (gained 1)
A jelly comes into view.
The jelly quivers.
The jelly barely misses you.
You sock the jelly!
Your hands burn!
The jelly is heavily wounded.
You block the jelly's attack.
You thump the jelly! The acid corrodes you!
Your hands burn!
The jelly is almost dead.
The jelly hits you.
You are splashed with acid!
The jelly hits you.
You are splashed with acid!
You are too injured to fight recklessly!
You are too injured to fight recklessly!
You are too injured to fight recklessly!
You are too injured to fight recklessly!
You hit the jelly but do no damage.
Your hands burn!
* * * LOW HITPOINT WARNING * * *
The jelly is almost dead.
You block the jelly's attack.
You hit the jelly but do no damage.
Your hands burn!
* * * LOW HITPOINT WARNING * * *
The jelly is almost dead.
The jelly hits you.
* * * LOW HITPOINT WARNING * * *
You are splashed with acid!
You die...

#.##.# #.##.# #.##.#
#.##.# #.##.# #.##.#
#.##.########## #
#.##..........##....
#...........@J...#
#############.####
.# .# .# .# .# .#


You could see a jelly.

Vanquished Creatures
  3 gnolls (D:3)
  6 adders
  An orc (D:3)
  6 endoplasms
  A giant cockroach (D:3)
  11 goblins
  3 hobgoblins
  4 jackals (D:1)
  2 quokkas
  9 ball pythons
  5 bats
  7 frilled lizards
  8 rats
66 creatures vanquished.

Vanquished Creatures (others)
  4 plants (D:2)
4 creatures vanquished.

Grand Total: 70 creatures vanquished

Notes
Turn   | Place    | Note
-------+----------+-------------------------------------------
     0 | D:1      | Armakuni the Human Fighter began the quest for the Orb.
     0 | D:1      | Reached XP level 1. HP: 18/18 MP: 1/1
    41 | D:1      | Found a faded altar of an unknown god.
   302 | D:1      | Reached XP level 2. HP: 24/24 MP: 2/2
   622 | D:1      | Reached skill level 1 in Dodging
   733 | D:1      | Reached XP level 3. HP: 22/29 MP: 3/3
  1126 | D:2      | Found a white marble altar of Elyvilon.
  1129 | D:2      | Found Goiffok's Distillery.
  1133 | D:2      | Became a worshipper of Elyvilon the Healer
  1158 | D:2      | Bought a potion of curing for 30 gold pieces
  1158 | D:2      | Bought a potion of lignification for 30 gold pieces
  1174 | D:2      | Reached XP level 4. HP: 30/35 MP: 4/4
  1735 | D:3      | Reached XP level 5. HP: 41/41 MP: 5/5
  1888 | D:3      | Reached * piety under Elyvilon
  2032 | D:3      | Splashed by a jelly's acid

Illustrated notes

Levels and vault maps discovered:
D:1:      minmay_arrival_loop, layout_basic, ebering_ecumenical_altar_abandoned
D:2:      kennysheep_the_goblin_king, layout_basic, serial_shops,
          nicolae_shop_competitors_out_of_business, basic_altar,
          minmay_lizard_king
D:3:      layout_loops_ring, uniq_ijyb

Skill      XL: |  1  2  3  4  5 |
---------------+----------------+-----
Dodging        | 1 2 3 |  3.0
Armour         | 4 |  4.0
Shields        | 4 |  4.0
Fighting       | |  3.0
Maces & Flails | |  2.0

Action                   |  1- 3 |  4- 6 || total
-------------------------+-------+-------++-------
Melee: Flail             |   115 |   101 ||   216
  Use: Scroll            |     3 |     4 ||     7
Armor: Scale mail        |    67 |    37 ||   104
Dodge: Dodged            |    73 |    45 ||   118
Block: Buckler           |    40 |    29 ||    69

Table legend: (Time is in decaauts)
 A = Elapsed time spent in this place.
 B = Non-inter-level travel time spent in this place.
 C = Inter-level travel time spent in this place.
 D = Time resting spent in this place.
 E = Time spent auto-exploring this place.
 F = Levels seen in this place.
 G = Mean time per level.
                   A        B        C        D        E       F      G
               +--------+--------+--------+--------+--------+-----+--------+
         Total |   2105 |   2041 |     64 |    157 |   1265 |   3 |  701.7 |
       Dungeon |   2105 |   2041 |     64 |    157 |   1265 |   3 |  701.7 |
               +--------+--------+--------+--------+--------+-----+--------+

Top non-repeatable levels by time:
     D:1: 970 daAuts
     D:2: 601 daAuts
     D:3: 533 daAuts
